[Event "Titled Tuesday Blitz July 18 Late 2023"]
[White "BrandonJiang123456"]
[Black "Curtis, John"]
[BlackFideId "3200256"]
[WhiteElo "2271"]
[BlackElo "2053"]
[Result "1/2-1/2"]
[Round "8"]
[TimeControl "180+2"]
[Date "2023.07.18"]
[WhiteClock "0:00:11"]
[BlackClock "0:00:10"]
[Board "130"]

1. e4 c5 2. Nf3 d6 3. Bb5+ Nd7 4. d4 cxd4 5. Qxd4 a6 6. Bxd7+ Bxd7 7. O-O Bc6 8. Nc3 e6 9. Bg5 Qc7 10. Qd3 Nf6 11. Nd4 Be7 12. f4 O-O 13. Kh1 Rac8 14. f5 Bd7 15. Rae1 Qc4 16. Qd2 b5 17. a3 a5 18. e5 dxe5 19. Nf3 b4 20. Nxe5 bxc3 21. bxc3 Qxc3 22. Qxc3 Rxc3 23. Bxf6 Bxf6 24. Nxd7 Rxa3 25. fxe6 fxe6 26. Nxf8 Kxf8 27. Rxe6 Rc3 28. Ra6 Rxc2 29. Rxa5 Kf7 30. Ra7+ Kg6 31. h3 h5 32. Ra8 h4 33. Ra3 Rb2 34. Raf3 Rb6 35. Rd1 Rb4 36. Kg1 Rc4 37. Kf1 Kg5 38. Rd5+ Kg6 39. Ke2 Ra4 40. Rd2 Ra5 41. Rc2 Re5+ 42. Kd3 Ra5 43. Ke4 Ra4+ 44. Kd3 Ra3+ 45. Ke2 Ra1 46. Rc4 Rg1 47. Kf2 Rd1 48. Rxf6+ gxf6 49. Rxh4 f5 50. Ra4 Rd2+ 51. Kg3 Kg5 52. Ra5 Rd3+ 53. Kh2 Kg6 54. Ra8 f4 55. Rf8 Kg5 56. Rg8+ Kf6 57. Rg4 Kf5 58. Rg8 Rd2 59. h4 Rd3 60. h5 Rd6 61. Kh3 Rd1 62. Kh2 Rd6 63. Rf8+ Kg5 64. Rh8 Rd2 65. Kh3 Rd1 66. Kh2 Rd2 67. Kg1 Rd6 68. Kf2 Rd2+ 69. Kf3 Rd3+ 70. Ke2 Re3+ 71. Kf2 Re6 72. Rf8 Kxh5 73. Rxf4 Kg5 74. Rf3 Re5 75. Kg1 Re1+ 76. Rf1 Re8 77. Rf2 Kg4 78. Ra2 Kg3 79. Ra3+ Kg4 80. Ra4+ Kg3 81. Ra3+ Kg4 82. Rh3 Ra8 83. Kh2 Ra5 84. Rh7 Kg5 85. Kh3 Ra1 86. Rg7+ Kh6 87. Rb7 Ra3+ 88. g3 Ra6 89. Kh4 Kg6 90. g4 Kh6 91. Rc7 Kg6 92. Rc5 Kh6 93. g5+ Kg6 94. Rc8 Ra4+ 95. Kg3 Kxg5 96. Rc3 Kf5 97. Rf3+ Kg5 98. Rc3 Ra5 99. Rf3 Rb5 100. Rc3 Rf5 101. Rf3 Rb5 102. Rc3 Rf5 103. Rf3 Ra5 104. Rc3 Re5 105. Rf3 Rc5 106. Rb3 Rd5 107. Rf3 Rb5 1/2-1/2


[Site "https://www.chess.com"]

[Event "Titled Tuesday Blitz July 18 Late 2023"]
[White "Gyulamiryan-koryun"]
[Black "Miguelitro69"]
[WhiteElo "1914"]
[BlackElo "2267"]
[Result "0-1"]
[Round "8"]
[TimeControl "180+2"]
[Date "2023.07.18"]
[WhiteClock "0:00:13"]
[BlackClock "0:00:17"]
[Board "131"]

1. e4 c5 2. Nf3 Nc6 3. d4 cxd4 4. Nxd4 g6 5. c3 Bg7 6. Be3 Nf6 7. f3 O-O 8. Qd2 d5 9. Nxc6 bxc6 10. exd5 cxd5 11. Bh6 Qb6 12. Bxg7 Kxg7 13. b3 Re8 14. Qd4 Qc7 15. a4 e5 16. Qh4 e4 17. Bb5 exf3+ 18. Bxe8 Qe5+ 19. Kd1 Qe2+ 20. Kc1 Bf5 21. Nd2 Qd3 22. Ra2 fxg2 23. Rg1 Qxc3+ 24. Kd1 Rxe8 25. Rxg2 Ne4 26. Qf4 Nxd2 27. Qxd2 Qxb3+ 28. Kc1 Rc8+ 29. Rc2 Bxc2 30. Qxc2 Rxc2+ 31. Rxc2 Qxa4 32. Kd2 d4 33. Kd3 Qb4 34. Rc4 Qb2 35. Rxd4 Qxh2 36. Kc4 Qa2+ 37. Kd3 Qb1+ 38. Kc4 Qb6 39. Rd5 h5 40. Rb5 Qxb5+ 41. Kxb5 h4 42. Ka6 h3 43. Kxa7 h2 44. Kb6 h1=Q 45. Kc5 Qd1 46. Kc4 g5 47. Kc5 g4 48. Kc4 g3 49. Kc5 g2 50. Kc4 g1=Q 0-1


[Site "https://www.chess.com"]

[Event "Titled Tuesday Blitz July 18 Late 2023"]
[White "Kujawski, Adam"]
[Black "Chemin, Justo Reinaldo"]
[WhiteFideId "1100920"]
[BlackFideId "2101580"]
[WhiteElo "2320"]
[BlackElo "2248"]
[Result "1/2-1/2"]
[Round "8"]
[TimeControl "180+2"]
[Date "2023.07.18"]
[WhiteClock "0:00:17"]
[BlackClock "0:01:18"]
[Board "132"]

1. e4 e5 2. Nf3 Nc6 3. Bb5 g6 4. c3 d6 5. d4 Bd7 6. d5 Nb8 7. Bxd7+ Nxd7 8. c4 Bg7 9. Nc3 Ne7 10. Qc2 O-O 11. Bd2 h6 12. g4 f5 13. gxf5 gxf5 14. Rg1 f4 15. O-O-O a5 16. Kb1 Nf6 17. Qd3 Qe8 18. Nb5 Qd7 19. c5 Nxe4 20. Qxe4 Qxb5 21. cxd6 cxd6 22. Bc3 Rac8 23. Nh4 Rxc3 24. Rxg7+ Kxg7 25. Rg1+ Kf7 26. Nf5 Qd3+ 27. Qxd3 Rxd3 28. Nxd6+ Kf6 29. Ne4+ Kf7 30. Nd6+ Kf6 31. Ne4+ Kf5 32. Nd6+ Kf6 1/2-1/2


[Site "https://www.chess.com"]

[Event "Titled Tuesday Blitz July 18 Late 2023"]
[White "Vaglio Munoz, Jaime"]
[Black "Navyblue1"]
[WhiteFideId "6500145"]
[WhiteElo "2274"]
[BlackElo "1860"]
[Result "1-0"]
[Round "8"]
[TimeControl "180+2"]
[Date "2023.07.18"]
[WhiteClock "0:01:24"]
[BlackClock "0:00:00"]
[Board "133"]

1. e4 c5 2. a3 Nf6 3. e5 Nd5 4. c4 Nc7 5. b4 cxb4 6. axb4 Nc6 7. d4 d5 8. b5 Nb8 9. c5 Bd7 10. Nc3 e6 11. Qg4 f6 12. Nf3 g6 13. h4 Bg7 14. h5 Kf7 15. Bd3 f5 16. Qg3 Qe8 17. h6 Bf8 18. Ng5+ Kg8 19. f4 Be7 20. Rb1 Bc8 21. b6 axb6 22. Rxb6 Nc6 23. Be3 Ra1+ 24. Nd1 Bxg5 25. Qxg5 Qe7 26. Qg3 Kf7 27. O-O Rd8 28. Nc3 Rxf1+ 29. Kxf1 Qf8 30. Qh3 Qe7 31. Ke2 Na8 32. Rb1 Nc7 33. g4 1-0


[Site "https://www.chess.com"]

[Event "Titled Tuesday Blitz July 18 Late 2023"]
[White "Carrasco Miranda, Andres"]
[Black "Vila Dupla, Aurelio"]
[WhiteFideId "3405990"]
[BlackFideId "2203383"]
[WhiteElo "2406"]
[BlackElo "2220"]
[Result "1-0"]
[Round "8"]
[TimeControl "180+2"]
[Date "2023.07.18"]
[WhiteClock "0:01:48"]
[BlackClock "0:02:03"]
[Board "134"]

1. d4 Nf6 2. c4 g6 3. g3 c6 4. Bg2 d5 5. Qa4 Bg7 6. cxd5 Nxd5 7. Nf3 O-O 8. O-O Bf5 9. Nc3 Nxc3 10. bxc3 Be4 11. Bf4 Nd7 12. Rfd1 Nb6 13. Qb3 Qd5 14. Ne1 Bxg2 15. Nxg2 Rfd8 16. Bc7 Rd7 17. Bxb6 axb6 18. Nf4 Qxb3 19. axb3 b5 20. Rxa8+ 1-0


[Site "https://www.chess.com"]

[Event "Titled Tuesday Blitz July 18 Late 2023"]
[White "Melikhov, Evgeny V."]
[Black "Tqebuchava, Zurab"]
[WhiteFideId "4122046"]
[BlackFideId "13601113"]
[WhiteElo "2366"]
[BlackElo "2108"]
[Result "1/2-1/2"]
[Round "8"]
[TimeControl "180+2"]
[Date "2023.07.18"]
[WhiteClock "0:00:30"]
[BlackClock "0:00:15"]
[Board "135"]

1. d4 d6 2. e4 Nf6 3. Bd3 Nbd7 4. c4 e5 5. d5 g6 6. Nc3 Bg7 7. Nf3 O-O 8. h3 Nc5 9. Bc2 a5 10. Be3 b6 11. Qd2 Nh5 12. g3 f5 13. Ng5 f4 14. gxf4 exf4 15. Bxc5 bxc5 16. Ne6 Bxe6 17. dxe6 c6 18. O-O-O Be5 19. Ba4 Ra6 20. Bxc6 Bxc3 21. bxc3 Qf6 22. Bb5 Rb6 23. a4 Kg7 24. Kc2 Qxe6 25. f3 Ng3 26. Rh2 Qe5 27. Qd5 Qxd5 28. cxd5 Kf6 29. Kd3 Ke5 30. h4 h5 31. Rb2 Rc8 32. Rdb1 Rcb8 33. Rb3 R8b7 34. R3b2 Rb8 35. Rb3 R8b7 36. R3b2 Rb8 1/2-1/2


[Site "https://www.chess.com"]

[Event "Titled Tuesday Blitz July 18 Late 2023"]
[White "Schachpanda_Youtube"]
[Black "Joubert, Dantelle"]
[BlackFideId "14310813"]
[WhiteElo "2212"]
[BlackElo "2054"]
[Result "1-0"]
[Round "8"]
[TimeControl "180+2"]
[Date "2023.07.18"]
[WhiteClock "0:00:51"]
[BlackClock "0:00:00"]
[Board "136"]

1. e4 c5 2. d4 cxd4 3. c3 d3 4. Bxd3 Nc6 5. c4 Nf6 6. Nf3 d6 7. h3 g6 8. O-O Bg7 9. Nc3 O-O 10. Be3 Qa5 11. a3 Bd7 12. b4 Qd8 13. Rc1 Be6 14. Qe2 a6 15. Rfd1 Rc8 16. c5 dxc5 17. Bxc5 Qe8 18. Ng5 Bb3 19. Rd2 Bh6 20. f4 Nh5 21. Be3 Bxg5 22. fxg5 Ne5 23. Bc2 Bxc2 24. Rdxc2 Nc4 25. Bd4 1-0


[Site "https://www.chess.com"]

[Event "Titled Tuesday Blitz July 18 Late 2023"]
[White "SoyuzTM4"]
[Black "Burke, Paul"]
[BlackFideId "2605767"]
[WhiteElo "2198"]
[BlackElo "1985"]
[Result "1-0"]
[Round "8"]
[TimeControl "180+2"]
[Date "2023.07.18"]
[WhiteClock "0:00:57"]
[BlackClock "0:00:53"]
[Board "137"]

1. e4 e5 2. Nf3 Nc6 3. Bb5 f5 4. d3 Nf6 5. Bxc6 dxc6 6. Nc3 fxe4 7. dxe4 Qxd1+ 8. Kxd1 Bg4 9. Bg5 O-O-O+ 10. Ke2 Be7 11. h3 Bxf3+ 12. Kxf3 h6 13. Bh4 Rd2 14. Rac1 Bb4 15. Nb1 Rd7 16. a3 Bd6 17. Bxf6 gxf6 18. Nc3 Rf7 19. g4 h5 20. Ne2 hxg4+ 21. hxg4 Rfh7 22. Ng3 Kd7 23. Rxh7+ Rxh7 24. Nh5 Ke6 25. Rh1 Bc5 26. Nf4+ exf4 27. Rxh7 Bd4 28. c3 Be5 29. Ke2 b5 30. f3 a5 31. Kd3 c5 32. Rh8 b4 33. Ra8 bxc3 34. bxc3 1-0


[Site "https://www.chess.com"]

[Event "Titled Tuesday Blitz July 18 Late 2023"]
[White "Mangialardo, Tiago Carvalho"]
[Black "Sainz Aguirre, Ignacio"]
[WhiteFideId "2130718"]
[BlackFideId "5101727"]
[WhiteElo "2138"]
[BlackElo "1973"]
[Result "1-0"]
[Round "8"]
[TimeControl "180+2"]
[Date "2023.07.18"]
[WhiteClock "0:00:02"]
[BlackClock "0:00:00"]
[Board "138"]

1. e4 e6 2. d4 d5 3. exd5 exd5 4. c4 Bb4+ 5. Nc3 Ne7 6. Nf3 O-O 7. Be2 dxc4 8. Bxc4 Bg4 9. O-O Nbc6 10. Be3 Nf5 11. Nd5 Bd6 12. h3 Bxf3 13. Qxf3 Ncxd4 14. Qg4 Nxe3 15. fxe3 Ne6 16. Nf6+ Kh8 17. Bxe6 fxe6 18. Nh5 Qe7 19. Qe4 Rf5 20. Qxb7 Raf8 21. g4 Qh4 22. gxf5 Qxh5 23. Qf3 Qg5+ 24. Qg4 Qxe3+ 25. Kh1 exf5 26. Rxf5 Rxf5 27. Qxf5 h6 28. Rg1 Qe2 29. Qc8+ 1-0


[Site "https://www.chess.com"]

[Event "Titled Tuesday Blitz July 18 Late 2023"]
[White "Liu, Casper"]
[Black "Campos, Maria Jose"]
[WhiteFideId "1454153"]
[BlackFideId "146803"]
[WhiteElo "2426"]
[BlackElo "2360"]
[Result "0-1"]
[Round "8"]
[TimeControl "180+2"]
[Date "2023.07.18"]
[WhiteClock "0:02:12"]
[BlackClock "0:02:21"]
[Board "140"]

1. e4 e5 2. d4 exd4 3. Qxd4 Nc6 4. Qe3 g6 5. Nc3 Bg7 6. Bd2 Nf6 7. O-O-O O-O 8. h4 Re8 9. f3 d5 10. Bb5 d4 11. Qg5 dxc3 12. Bxc3 Nd7 13. Qd5 Bxc3 14. bxc3 Qf6 15. Nh3 Nb6 16. Qc5 Bxh3 17. Rxh3 Rad8 18. h5 Qf4+ 19. Kb2 Rxd1 20. hxg6 hxg6 0-1


[Site "https://www.chess.com"]

[Event "Titled Tuesday Blitz July 18 Late 2023"]
[White "Awoki, Daniel Teidi"]
[Black "Bongo Akanga Ndjila, Barthelemy"]
[WhiteFideId "2100827"]
[BlackFideId "10609431"]
[WhiteElo "2307"]
[BlackElo "2064"]
[Result "1-0"]
[Round "8"]
[TimeControl "180+2"]
[Date "2023.07.18"]
[WhiteClock "0:00:51"]
[BlackClock "0:00:13"]
[Board "141"]

1. e4 e6 2. d4 d5 3. Nd2 c5 4. exd5 exd5 5. Ngf3 Nc6 6. Bb5 Nf6 7. O-O Bg4 8. Re1+ Be7 9. dxc5 O-O 10. Nb3 Rc8 11. c3 a6 12. Be2 Na5 13. Nxa5 Qxa5 14. b4 Qc7 15. Be3 Rfd8 16. Bd4 Ne4 17. Nd2 Bf5 18. Nf1 Bf6 19. Ng3 Bg6 20. Rc1 Ng5 21. Bxf6 gxf6 22. Bg4 Rb8 23. Qd4 Ne6 24. Qxf6 d4 25. Rxe6 fxe6 26. Bxe6+ Bf7 27. Nf5 Bxe6 28. Nh6# 1-0


[Site "https://www.chess.com"]

[Event "Titled Tuesday Blitz July 18 Late 2023"]
[White "Nakamura, Hikaru"]
[Black "Terry, Renato"]
[WhiteFideId "2016192"]
[BlackFideId "3803457"]
[WhiteElo "3257"]
[BlackElo "2978"]
[Result "1-0"]
[Round "9"]
[TimeControl "180+2"]
[Date "2023.07.18"]
[WhiteClock "0:00:19"]
[BlackClock "0:00:01"]
[Board "1"]

1. c4 e5 2. a3 g6 3. g3 Bg7 4. Bg2 Ne7 5. Nc3 O-O 6. e3 c6 7. Nge2 d5 8. cxd5 cxd5 9. d4 e4 10. f3 exf3 11. Bxf3 g5 12. h4 h6 13. hxg5 hxg5 14. e4 f6 15. exd5 Nf5 16. Qc2 Na6 17. Bg4 Nh6 18. Bxc8 Qxc8 19. Qg6 Nf5 20. Ne4 Rf7 21. Bxg5 Ne7 22. Qh7+ Kf8 23. Nd6 Qg4 24. Bh6 Nxd5 25. Nxf7 Kxf7 26. Bxg7 Qxg7 27. Qe4 Nac7 28. Rh7 Re8 29. Rxg7+ Kxg7 30. Qf3 1-0


[Site "https://www.chess.com"]

[Event "Titled Tuesday Blitz July 18 Late 2023"]
[White "Matlakov, Maxim"]
[Black "Naroditsky, Daniel"]
[WhiteFideId "4168003"]
[BlackFideId "2026961"]
[WhiteElo "2972"]
[BlackElo "3142"]
[Result "1-0"]
[Round "9"]
[TimeControl "180+2"]
[Date "2023.07.18"]
[WhiteClock "0:00:40"]
[BlackClock "0:00:02"]
[Board "2"]

1. e4 Nf6 2. Nc3 d5 3. e5 Nfd7 4. Nxd5 Nxe5 5. Ne3 c5 6. b3 g6 7. f4 Nec6 8. Bb2 Nd4 9. c3 Ndc6 10. Nf3 Bg7 11. h4 h5 12. Bc4 e6 13. Qe2 a6 14. O-O-O b5 15. Bd3 Bb7 16. f5 gxf5 17. Nxf5 Bf6 18. Ng5 Ne5 19. Bc2 c4 20. Ng3 Nd3+ 21. Bxd3 Qxd3 22. Qf2 Nd7 23. Rhe1 Bxg5 24. hxg5 h4 25. g6 Qxg6 26. Ne2 Ne5 27. Nf4 Qf5 28. d4 cxd3 29. Rxe5 Qxe5 30. c4 Qg5 31. Bxh8 O-O-O 32. Bc3 Bxg2 33. Qxg2 Qxf4+ 34. Kb2 Qc7 35. cxb5 axb5 36. Rc1 Kb8 37. Bf6 d2 38. Rxc7 d1=N+ 39. Kc1 Rd5 40. Rxf7 Ne3 41. Qg8+ 1-0


[Site "https://www.chess.com"]

[Event "Titled Tuesday Blitz July 18 Late 2023"]
[White "Xiong, Jeffery"]
[Black "Martinez Alcantara, Jose Eduardo"]
[WhiteFideId "2047640"]
[BlackFideId "3805662"]
[WhiteElo "2981"]
[BlackElo "3068"]
[Result "1-0"]
[Round "9"]
[TimeControl "180+2"]
[Date "2023.07.18"]
[WhiteClock "0:01:31"]
[BlackClock "0:00:34"]
[Board "3"]

1. e4 c5 2. Nf3 d6 3. Nc3 a6 4. d4 cxd4 5. Qxd4 Nc6 6. Qd3 g6 7. Nd5 Nf6 8. Nxf6+ exf6 9. Be2 Bg7 10. O-O O-O 11. Rd1 f5 12. exf5 Bxf5 13. Qb3 Re8 14. Be3 Qc7 15. c3 Rac8 16. Rd2 Na5 17. Qb4 Nc4 18. Bxc4 Qxc4 19. Qxc4 Rxc4 20. Rxd6 h6 21. h3 g5 22. Rad1 Rcc8 23. h4 gxh4 24. Bxh6 Bxh6 25. Rxh6 Re2 26. Nd4 Rd8 27. Rf1 Re5 28. Rh5 Rdd5 29. f4 Rxd4 30. fxe5 1-0


[Site "https://www.chess.com"]

[Event "Titled Tuesday Blitz July 18 Late 2023"]
[White "Bortnyk, Olexandr"]
[Black "Rasulov, Vugar"]
[WhiteFideId "14120828"]
[BlackFideId "13402390"]
[WhiteElo "3041"]
[BlackElo "2883"]
[Result "0-1"]
[Round "9"]
[TimeControl "180+2"]
[Date "2023.07.18"]
[WhiteClock "0:00:00"]
[BlackClock "0:00:16"]
[Board "4"]

1. e4 c5 2. c3 d5 3. exd5 Qxd5 4. d4 e6 5. Be3 Nf6 6. Nf3 Nc6 7. dxc5 Qxd1+ 8. Kxd1 Be7 9. b4 O-O 10. Nbd2 Nd5 11. Rc1 Rd8 12. Bc4 a5 13. a3 axb4 14. axb4 Bf6 15. Bxd5 exd5 16. Nd4 Bg4+ 17. f3 Bh5 18. Ke2 Re8 19. Nxc6 Bg5 20. Na5 Bxe3 21. Kd1 Bxc5 22. Nxb7 Bf8 23. Re1 Reb8 24. Nc5 d4 25. cxd4 Rxb4 26. Ncb3 h6 27. Ke2 Ra2 28. Kf1 Bd6 29. Kg1 Bf4 30. Red1 Be3+ 31. Kf1 Bg6 32. Rc3 Bxd4 0-1


[Site "https://www.chess.com"]

[Event "Titled Tuesday Blitz July 18 Late 2023"]
[White "Paravyan, David"]
[Black "Antipov, Mikhail Al."]
[WhiteFideId "4194985"]
[BlackFideId "4107012"]
[WhiteElo "3024"]
[BlackElo "2943"]
[Result "1/2-1/2"]
[Round "9"]
[TimeControl "180+2"]
[Date "2023.07.18"]
[WhiteClock "0:00:05"]
[BlackClock "0:00:03"]
[Board "5"]

1. e4 c5 2. Nf3 Nc6 3. Bb5 d6 4. O-O Bd7 5. Re1 Nf6 6. h3 a6 7. Bxc6 Bxc6 8. e5 dxe5 9. Nxe5 Rc8 10. Nc3 e6 11. d3 Be7 12. Nxc6 Rxc6 13. Qf3 O-O 14. a4 Ne8 15. Ne4 Nc7 16. a5 e5 17. Nd2 f6 18. Nc4 Ne6 19. c3 Bd6 20. Ra3 Bc7 21. Rb3 Qc8 22. Be3 Rf7 23. h4 Rd7 24. Qf5 Bd8 25. h5 Nf8 26. g3 Re6 27. Kg2 Qc6+ 28. Qe4 Qxe4+ 29. dxe4 Rc6 30. Kf3 Ne6 31. Rc1 Kf7 32. Ke2 Ke7 33. Rd1 Nd4+ 34. cxd4 cxd4 35. Bxd4 Rxc4 36. Be3 Rxd1 37. Kxd1 Bxa5 38. Rxb7+ Rc7 39. Rb8 Ke6 40. b4 Rd7+ 41. Ke2 Bc7 42. Ra8 Rd6 43. Bc5 Rc6 44. Re8+ Kf7 45. Re7+ Kg8 46. Kd3 a5 47. Kc4 axb4 48. Kb5 b3 49. Kxc6 b2 50. Re8+ Kf7 51. Kd7 g5 52. Re7+ Kg8 53. Ke6 h6 54. Re8+ Kh7 55. Be7 b1=Q 56. Bxf6 Qb3+ 57. Ke7 Qb4+ 58. Kf7 Qc4+ 59. Ke7 Qc5+ 60. Ke6 Qc6+ 61. Kf7 Qd7+ 62. Re7 Qc8 63. Re8 Qd7+ 64. Re7 Qc8 65. Re8 Qd7+ 1/2-1/2


[Site "https://www.chess.com"]

[Event "Titled Tuesday Blitz July 18 Late 2023"]
[White "Kramnik, Vladimir"]
[Black "Duda, Jan-Krzysztof"]
[WhiteFideId "4101588"]
[BlackFideId "1170546"]
[WhiteElo "2974"]
[BlackElo "3016"]
[Result "1-0"]
[Round "9"]
[TimeControl "180+2"]
[Date "2023.07.18"]
[WhiteClock "0:00:06"]
[BlackClock "0:00:00"]
[Board "6"]

1. e4 c5 2. Nf3 d6 3. d4 cxd4 4. Nxd4 Nf6 5. Nc3 a6 6. Bc4 e6 7. Be3 Be7 8. Bb3 O-O 9. g4 Nfd7 10. h4 Nc5 11. g5 b5 12. Qg4 Nbd7 13. O-O-O Ne5 14. Qg3 b4 15. Na4 Nxe4 16. Qg2 d5 17. f4 Nd7 18. h5 Bb7 19. g6 Bf6 20. gxf7+ Rxf7 21. Nxe6 Qa5 22. Bd4 Re8 23. Ng5 Nxg5 24. fxg5 Bxd4 25. Rxd4 Rf5 26. Rhd1 Ree5 27. g6 h6 28. Kb1 Nf6 29. c4 bxc3 30. Nxc3 Rxh5 31. Qd2 Rhg5 32. Nxd5 Qxd2 33. Nxf6+ Kf8 34. Nh7+ Ke7 35. R4xd2 Be4+ 36. Ka1 1-0


[Site "https://www.chess.com"]

[Event "Titled Tuesday Blitz July 18 Late 2023"]
[White "Kamsky, Gata"]
[Black "Svane, Frederik"]
[WhiteFideId "2000024"]
[BlackFideId "12923044"]
[WhiteElo "2988"]
[BlackElo "2976"]
[Result "1/2-1/2"]
[Round "9"]
[TimeControl "180+2"]
[Date "2023.07.18"]
[WhiteClock "0:00:15"]
[BlackClock "0:00:09"]
[Board "7"]

1. d4 Nf6 2. Bf4 b6 3. e3 Bb7 4. Nf3 Nh5 5. Bg5 h6 6. Bh4 g5 7. Nfd2 Nf4 8. exf4 gxh4 9. Qh5 e6 10. Nf3 Qf6 11. Qxh4 Qxh4 12. Nxh4 Rg8 13. Nd2 Rg4 14. Nhf3 Rxf4 15. Be2 c5 16. g3 Rg4 17. dxc5 Bxc5 18. Nb3 Be7 19. O-O-O Nc6 20. Rhe1 Rg8 21. Nfd4 O-O-O 22. Bh5 Rg5 23. Bf3 d5 24. h4 Rgg8 25. Bh5 Rgf8 26. Nxc6 Bxc6 27. Nd4 Bd7 28. c3 Kc7 29. f4 Bd6 30. Re3 Rde8 31. Rde1 Re7 32. Nf5 Ree8 33. Nxd6 Kxd6 34. g4 Rc8 35. Kd2 Rc4 36. Rf3 f6 37. b3 Rcc8 38. Rg1 Rg8 39. g5 hxg5 40. fxg5 fxg5 41. hxg5 Rg7 42. Rf7 Rcg8 43. Rxg7 Rxg7 44. Ke3 e5 45. Bf3 Bf5 46. Be2 Ke6 47. Bf3 Rh7 48. Rh1 Rg7 49. Rh6+ Rg6 50. Bh5 Rxh6 51. gxh6 Kf6 52. Bf3 Be6 53. Bh5 Bf5 54. Be8 Kg5 55. Bf7 Kxh6 56. Bxd5 Kg5 57. c4 Kf6 58. b4 Ke7 59. c5 bxc5 60. bxc5 Bb1 61. a3 Kd7 62. Kd2 Kc7 63. Kc3 Bf5 64. Kc4 Bd7 65. Kd3 Bf5+ 66. Kc4 Bd7 67. Be4 Be6+ 68. Kb5 Bc8 69. Kc4 Be6+ 70. Bd5 Bd7 1/2-1/2


[Site "https://www.chess.com"]

[Event "Titled Tuesday Blitz July 18 Late 2023"]
[White "Nguyen, Ngoc Truong Son"]
[Black "Nihal Sarin"]
[WhiteFideId "12401110"]
[BlackFideId "25092340"]
[WhiteElo "2865"]
[BlackElo "3056"]
[Result "1-0"]
[Round "9"]
[TimeControl "180+2"]
[Date "2023.07.18"]
[WhiteClock "0:02:22"]
[BlackClock "0:00:26"]
[Board "8"]

1. e4 a6 2. Nf3 c6 3. c4 d5 4. cxd5 cxd5 5. exd5 Nf6 6. Nc3 Nxd5 7. Bc4 Be6 8. Qb3 Nf4 9. d4 Nd3+ 10. Ke2 Bxc4 11. Qxc4 Nxc1+ 12. Raxc1 g6 13. Ne5 e6 14. d5 Bg7 15. Nxf7 Kxf7 16. dxe6+ Kf8 17. Rhd1 Qe8 18. Qf4+ Kg8 19. Rd8 1-0


[Site "https://www.chess.com"]

[Event "Titled Tuesday Blitz July 18 Late 2023"]
[White "Bluebaum, Matthias"]
[Black "Moskalenko, Alexander"]
[WhiteFideId "24651516"]
[BlackFideId "4155351"]
[WhiteElo "3008"]
[BlackElo "2879"]
[Result "1/2-1/2"]
[Round "9"]
[TimeControl "180+2"]
[Date "2023.07.18"]
[WhiteClock "0:00:04"]
[BlackClock "0:00:12"]
[Board "9"]

1. d4 d5 2. c4 c6 3. Nf3 e6 4. Nc3 f5 5. Bf4 Nf6 6. e3 Be7 7. Be2 O-O 8. O-O a5 9. h3 Ne4 10. Nxe4 fxe4 11. Ne5 Nd7 12. f3 Nxe5 13. Bxe5 exf3 14. Bxf3 Bd6 15. Bxd6 Qxd6 16. c5 Qg3 17. Qe1 Qxe1 18. Raxe1 e5 19. dxe5 Be6 20. a3 a4 21. e4 d4 22. Rd1 Rfd8 23. Rc1 Ra5 24. Rfd1 Kf7 25. Kf2 Ke7 26. Rd2 Bb3 27. Bd1 Bxd1 28. Rcxd1 Rxc5 29. Kf3 Rxe5 30. Rxd4 Rxd4 31. Rxd4 b5 32. Rd2 Rc5 33. Kf4 h5 34. e5 h4 35. Kf5 Rc4 36. Rd6 Rc2 37. Rg6 Kf7 38. Rd6 Rf2+ 39. Ke4 Rxg2 40. Rxc6 Rxb2 41. Rb6 Rb3 42. Kf5 Rf3+ 43. Kg4 Rg3+ 44. Kxh4 Rxa3 45. Rxb5 Ke6 46. Ra5 Kf5 47. e6+ Kxe6 48. Kg4 Ra1 49. Kg3 a3 50. Kg2 Kf6 51. h4 Kg6 52. Rg5+ Kf6 53. Ra5 Ke6 54. Ra7 Kf6 55. Ra5 1/2-1/2


[Site "https://www.chess.com"]

[Event "Titled Tuesday Blitz July 18 Late 2023"]
[White "Andreikin, Dmitry"]
[Black "Gadimbayli, Abdulla"]
[WhiteFideId "4158814"]
[BlackFideId "13404938"]
[WhiteElo "2994"]
[BlackElo "2851"]
[Result "1-0"]
[Round "9"]
[TimeControl "180+2"]
[Date "2023.07.18"]
[WhiteClock "0:00:06"]
[BlackClock "0:00:03"]
[Board "10"]

1. c4 Nf6 2. Nc3 g6 3. e4 d6 4. d4 Bg7 5. h3 O-O 6. Be3 c6 7. Nf3 Na6 8. Be2 Re8 9. O-O Qc7 10. e5 dxe5 11. dxe5 Nd7 12. e6 fxe6 13. Qc2 e5 14. Rad1 Nf6 15. c5 Nb4 16. Qb3+ Nbd5 17. Rxd5 cxd5 18. Nxd5 Nxd5 19. Qxd5+ e6 20. Qe4 Bd7 21. Ng5 Bc6 22. Qh4 h6 23. Nf3 e4 24. Nd4 Qd8 25. Qg3 Kh7 26. Nxc6 bxc6 27. Rd1 Qe7 28. Qg4 Rad8 29. Qxe4 Rd5 30. b4 Qf7 31. Bf3 Red8 32. Re1 Bc3 33. Rc1 Bd4 34. Qh4 Bxe3 35. fxe3 Rg5 36. Bxc6 Qc7 37. Qf4 Qxc6 38. Qf7+ Kh8 39. Qf6+ Kh7 40. Qe7+ Kg8 41. Qxd8+ Kh7 42. Qe7+ Kg8 43. Rc2 Qe4 44. Qe8+ Kg7 45. Qd7+ Kg8 46. Qd8+ Kh7 47. Qe7+ Kg8 48. Rf2 Qxe3 49. Qf8+ Kh7 50. Qf7+ Kh8 51. Qf8+ Kh7 52. Kh1 Rf5 53. Qe7+ Kg8 54. Qd8+ Kh7 55. Qd7+ Kg8 56. Rxf5 gxf5 57. Qc8+ Kf7 58. Qc7+ Kg6 59. Qd6 f4 60. Qd1 Qc3 61. Qg4+ Kh7 62. Qxf4 e5 63. Qe4+ Kg7 64. Kh2 Kf6 65. Qf3+ 1-0


[Site "https://www.chess.com"]

[Event "Titled Tuesday Blitz July 18 Late 2023"]
[White "Makarian, Rudik"]
[Black "Perez Ponsa, Federico"]
[WhiteFideId "44105681"]
[BlackFideId "117927"]
[WhiteElo "2991"]
[BlackElo "2842"]
[Result "1-0"]
[Round "9"]
[TimeControl "180+2"]
[Date "2023.07.18"]
[WhiteClock "0:01:09"]
[BlackClock "0:01:25"]
[Board "11"]

1. d4 Nf6 2. c4 g6 3. Nc3 Bg7 4. e4 d6 5. Be2 O-O 6. Be3 Nc6 7. Nf3 e5 8. d5 Ne7 9. Nd2 Nd7 10. O-O f5 11. f3 f4 12. Bf2 g5 13. b4 h5 14. c5 Nf6 15. Nc4 Ne8 16. a4 Ng6 17. a5 Rf7 18. b5 Bf8 19. c6 Nf6 20. b6 axb6 21. axb6 Rxa1 22. Qxa1 g4 23. Qa8 g3 24. cxb7 Nxe4 25. Nxe4 Qh4 26. hxg3 fxg3 27. Bxg3 1-0


[Site "https://www.chess.com"]

[Event "Titled Tuesday Blitz July 18 Late 2023"]
[White "Oparin, Grigoriy"]
[Black "Meshkovs, Nikita"]
[WhiteFideId "24125890"]
[BlackFideId "11602740"]
[WhiteElo "2982"]
[BlackElo "2772"]
[Result "1-0"]
[Round "9"]
[TimeControl "180+2"]
[Date "2023.07.18"]
[WhiteClock "0:00:57"]
[BlackClock "0:00:06"]
[Board "12"]

1. Nf3 Nf6 2. g3 d5 3. Bg2 e6 4. c4 Be7 5. O-O O-O 6. d4 Nbd7 7. Qc2 c6 8. Nbd2 b6 9. b3 Bb7 10. Bb2 Rc8 11. Rfd1 Re8 12. Rac1 Qc7 13. e4 dxe4 14. Nxe4 Nxe4 15. Qxe4 Nf6 16. Qe2 c5 17. Rd3 cxd4 18. Nxd4 Bxg2 19. Kxg2 Red8 20. Rcd1 Qb7+ 21. Kg1 a6 22. h4 h6 23. a4 Kf8 24. Nf3 Rxd3 25. Rxd3 Qe4 26. Qd1 Qa8 27. Ne5 Rd8 28. Nd7+ Nxd7 29. Rxd7 Qc8 30. Rxd8+ Qxd8 31. Qxd8+ Bxd8 32. h5 Bf6 33. Bxf6 gxf6 34. b4 Ke7 35. Kf1 a5 36. c5 axb4 37. cxb6 Kd7 38. Ke2 Kc6 39. a5 f5 40. Kd3 e5 41. Kc4 f4 42. gxf4 b3 43. Kxb3 exf4 44. Kc4 f5 45. Kd4 f3 46. Ke5 f4 47. Kf5 1-0


[Site "https://www.chess.com"]

[Event "Titled Tuesday Blitz July 18 Late 2023"]
[White "He, Anthony"]
[Black "Fantastic_Power"]
[WhiteFideId "2088215"]
[WhiteElo "2972"]
[BlackElo "2756"]
[Result "1-0"]
[Round "9"]
[TimeControl "180+2"]
[Date "2023.07.18"]
[WhiteClock "0:01:26"]
[BlackClock "0:01:08"]
[Board "13"]

1. e4 c5 2. Nf3 Nc6 3. d4 cxd4 4. Nxd4 Nf6 5. Nc3 e6 6. Ndb5 Bc5 7. Nd6+ Ke7 8. Nxc8+ Rxc8 9. Bd3 h6 10. a3 a6 11. O-O g5 12. Kh1 Qc7 13. f4 gxf4 14. Bxf4 Bd6 15. Bxd6+ Qxd6 16. Qf3 Qe5 17. Rae1 Qg5 18. Nd5+ exd5 19. exd5+ Ne5 20. d6+ Ke6 21. Qxb7 Rhg8 22. Rf5 Qxf5 23. Qb3+ Rc4 24. Qxc4+ 1-0


[Site "https://www.chess.com"]